 Dungeon Crawl Stone Soup version 0.28.0-53-g5a82cb258f (webtiles) character file.

Game seed: 11324074914989725046

885 quokkamancerX the Chiller (level 8, -2/57 HPs)
             Began as a Gnoll Ice Elementalist on July 2, 2022.
             Killed from afar by a gargoyle (17 damage)
             ... with a stone arrow
             ... on level 5 of the Dungeon.
             The game lasted 00:21:12 (5071 turns).

quokkamancerX the Chiller (Gnoll Ice Elementalist)  Turns: 5071, Time: 00:21:12

Health: -2/57      AC:  4    Str:  9    XL:     8   Next: 5%
Magic:  5/16       EV: 14    Int: 16    God:
Gold:   81         SH:  0    Dex: 15    Spells: 11/18 levels left

rFire   . . .      SeeInvis .   a - +1 whip (venom)
rCold   + . .      Faith    .   (no shield)
rNeg    . . .      Spirit   .   c - +0 robe
rPois   +          Reflect  .   o - +0 helmet
rElec   .          Harm     .   (no cloak)
rCorr   .          Rampage  .   u - +0 pair of gloves {Dex+3}
Will    .....                   (no boots)
Stlth   +++.......              d - amulet of regeneration
HPRegen 0.99/turn               f - ring of protection from cold
MPRegen 0.15/turn               p - ring of poison resistance

@: no status effects
A: fangs 1, strong nose, distributed training
a: no special abilities


You were on level 5 of the Dungeon.
You visited 1 branch of the dungeon, and saw 5 of its levels.

You collected 231 gold pieces.
You spent 150 gold pieces at shops.

Inventory:

Hand Weapons
 a - a +1 whip of venom (weapon)
Missiles
 k - a boomerang
 m - 5 poisoned darts
Armour
 c - a +0 robe (worn)
 o - a +0 helmet (worn)
 u - a +0 pair of gloves of dexterity (worn)
Magical Staves
 b - a staff of poison
Jewellery
 d - an amulet of regeneration (around neck)
 f - a ring of protection from cold (left hand)
 p - a ring of poison resistance (right hand)
Wands
 l - a wand of flame (22)
 s - a wand of polymorph (13)
Scrolls
 e - a scroll of amnesia {unknown}
 g - a scroll of noise {unknown}
 i - a scroll of identify {unknown}
 n - a scroll of vulnerability {unknown}
 r - a scroll of silence {unknown}
 t - a scroll of torment {unknown}
Potions
 h - a potion of heal wounds {unknown}
 j - 2 potions of lignification {unknown}
 q - a potion of brilliance {unknown}


   Skills:
 + Level 2.9 Fighting
 + Level 2.9 Short Blades
 + Level 2.9 Long Blades
 + Level 2.9 Axes
 + Level 2.9 Maces & Flails
 + Level 2.9 Polearms
 + Level 2.9 Staves
 + Level 2.9 Slings
 + Level 2.9 Bows
 + Level 2.9 Crossbows
 + Level 2.9 Throwing
 + Level 2.9 Armour
 + Level 5.4 Dodging
 + Level 5.1 Stealth
 + Level 2.9 Shields
 + Level 2.9 Unarmed Combat
 + Level 5.8 Spellcasting
 + Level 2.3 Conjurations
 + Level 2.3 Hexes
 + Level 2.3 Summonings
 + Level 2.3 Necromancy
 + Level 2.3 Translocations
 + Level 2.3 Transmutations
 + Level 2.3 Fire Magic
 + Level 7.5 Ice Magic
 + Level 2.3 Air Magic
 + Level 2.3 Earth Magic
 + Level 2.3 Poison Magic
 + Level 3.2 Invocations
 + Level 2.9 Evocations


You had 11 spell levels left.
You knew the following spells:

 Your Spells              Type           Power      Damage    Failure   Level
a - Freeze                Ice            100%       1d11      1%          1
f - Frozen Ramparts       Ice            56%        1d7       1%          3
g - Ozocubu's Armour      Ice            28%        N/A       1%          3

Your spell library contained the following spells:

 Spells                   Type           Power      Damage    Failure   Level
 Sublimation of Blood     Necr           12%        N/A       9%          2
 Wereblood                Tmut           12%        N/A       9%          2
 Gell's Gravitas          Tloc           12%        N/A       16%         3
 Teleport Other           Tloc           12%        N/A       16%         3
 Tukima's Dance           Hex            12%        N/A       16%         3
 Hailstorm                Conj/Ice       20%        3d6       19%         4
 Anguish                  Hex/Necr       6%         N/A       47%         4
 Dispersal                Tloc           6%         N/A       100%        6
 Enfeeble                 Hex            6%         N/A       100%        7
 Summon Hydra             Summ           6%         N/A       100%        7


Dungeon Overview and Level Annotations

Branches:
Dungeon (5/15)
 Temple: D:4-7

Altars:

Shops:
D:3 *   D:4 ([([

Annotations:
D:5 exclusion: 2 wights


Innate Abilities, Weirdness & Mutations

You have very sharp teeth.
Your uncanny sense of smell can sniff out nearby items.
Your experience applies equally to all skills.


Message History

The wyvern skeleton closely misses you.
Casting: Freeze (safe; 1% risk of failure)
Confirm with . or Enter, or press ? or * to list all spells.
Aiming: Freeze (safe; 1% risk of failure)
Press: ? - help, Shift-Dir - straight line, f/p - wyvern skeleton
Aim: a wyvern skeleton (heavily damaged)
You freeze the wyvern skeleton.
The wyvern skeleton resists.
The wyvern skeleton is severely damaged.
The wyvern skeleton completely resists.
The wall freezes the wyvern skeleton but does no damage.
The wyvern skeleton barely misses you.
The wyvern skeleton resists.
The wall freezes the wyvern skeleton.
The wyvern skeleton completely misses you.
Casting: Freeze (safe; 1% risk of failure)
Confirm with . or Enter, or press ? or * to list all spells.
Aiming: Freeze (safe; 1% risk of failure)
Press: ? - help, Shift-Dir - straight line, f/p - wyvern skeleton
Aim: a wyvern skeleton (severely damaged)
You freeze the wyvern skeleton.
The wyvern skeleton resists.
The wyvern skeleton is severely damaged.
The frozen ramparts melt away.
The wyvern skeleton barely misses you.
Casting: Freeze (safe; 1% risk of failure)
Confirm with . or Enter, or press ? or * to list all spells.
Okay, then.
Your icy armour will break if you move.
Continue?
Your icy armour cracks and falls away as you move.
The wyvern skeleton completely misses you.
Found 12 gold pieces.
A gargoyle comes into view. It is wielding a +0 mace.
The wyvern skeleton bites you!
You see here 12 gold pieces.
Okay, then.
The gargoyle hurls a stone arrow at you.
The stone arrow misses you. The wyvern skeleton bites you!
* * * LOW HITPOINT WARNING * * *
The gargoyle hurls a stone arrow at you.
The stone arrow misses you.
The gargoyle hurls a stone arrow at you.
The stone arrow hits you!
You die...

.....# #.###### .
##########
........#### ##
#..........#### ..
#.#..#####....# .#
#..@#.# #.#...###.#
#9Z#.#.#.#.#....#.#
#..##.#$#.##.#.#..#
#..###?8Y###..##..#
##Y##.#?#.##.#.#..#
#$#.#.#.#.#.##...#
#..#.###.#..# #.Y#
##..## ##..## #..#
##.......## #....


You could see a gargoyle, an ice beast and a wyvern skeleton.

Vanquished Creatures
  3 yaks (D:5)
  An ogre (D:4)
  A jelly (D:5)
  A bullfrog skeleton (D:5)
  Ijyb (D:3)
  An iguana (D:5)
  An orc wizard (D:3)
  3 hound skeletons
  Robin (D:3)
  8 adders
  4 dart slugs
  4 orcs (D:3)
  7 ball pythons
  8 bats
  11 endoplasms
  4 giant cockroaches
  19 goblins
  9 hobgoblins
  4 jackals
  6 quokkas
  12 frilled lizards
  7 kobolds
  4 rats
120 creatures vanquished.

Vanquished Creatures (others)
  8 plants
8 creatures vanquished.

Grand Total: 128 creatures vanquished

Notes
Turn   | Place    | Note
-------+----------+-------------------------------------------
     0 | D:1      | quokkamancerX the Gnoll Ice Elementalist began the quest
                  | for the Orb.
     0 | D:1      | Reached XP level 1. HP: 13/13 MP: 6/6
   152 | D:1      | Reached XP level 2. HP: 19/19 MP: 3/7
   319 | D:1      | Found a faded altar of an unknown god.
   655 | D:1      | Reached XP level 3. HP: 22/25 MP: 7/9
   811 | D:1      | Reached skill level 5 in Spellcasting
  1053 | D:1      | Reached skill level 1 in Invocations
  1500 | D:1      | Learned a level 3 spell: Frozen Ramparts
  1504 | D:1      | Learned a level 3 spell: Ozocubu's Armour
  1692 | D:2      | Reached skill level 1 in Fighting
  1692 | D:2      | Reached skill level 1 in Short Blades
  1692 | D:2      | Reached skill level 1 in Long Blades
  1692 | D:2      | Reached skill level 1 in Axes
  1692 | D:2      | Reached skill level 1 in Maces & Flails
  1692 | D:2      | Reached skill level 1 in Polearms
  1692 | D:2      | Reached skill level 1 in Staves
  1692 | D:2      | Reached skill level 1 in Slings
  1692 | D:2      | Reached skill level 1 in Bows
  1692 | D:2      | Reached skill level 1 in Crossbows
  1692 | D:2      | Reached skill level 1 in Throwing
  1692 | D:2      | Reached skill level 1 in Armour
  1692 | D:2      | Reached skill level 1 in Shields
  1692 | D:2      | Reached skill level 1 in Unarmed Combat
  1692 | D:2      | Reached skill level 1 in Evocations
  1750 | D:2      | Reached XP level 4. HP: 29/32 MP: 9/11
  2182 | D:2      | Reached skill level 1 in Conjurations
  2182 | D:2      | Reached skill level 1 in Hexes
  2182 | D:2      | Reached skill level 1 in Summonings
  2182 | D:2      | Reached skill level 1 in Necromancy
  2182 | D:2      | Reached skill level 1 in Translocations
  2182 | D:2      | Reached skill level 1 in Transmutations
  2182 | D:2      | Reached skill level 1 in Fire Magic
  2182 | D:2      | Reached skill level 1 in Air Magic
  2182 | D:2      | Reached skill level 1 in Earth Magic
  2182 | D:2      | Reached skill level 1 in Poison Magic
  2905 | D:3      | Found Kiklilir's General Store.
  2966 | D:3      | Reached XP level 5. HP: 37/37 MP: 5/12
  3096 | D:3      | Noticed Robin
  3099 | D:3      | Noticed Ijyb
  3104 | D:3      | Killed Robin
  3109 | D:3      | Killed Ijyb
  3678 | D:4      | Found Vaedecw's Antique Weapon Shoppe.
  3681 | D:4      | Reached XP level 6. HP: 44/44 MP: 13/13
  3706 | D:4      | Found Ukuv's Armour Emporium.
  4061 | D:4      | Reached skill level 5 in Dodging
  4226 | D:4      | Found Emucub's Weapon Boutique.
  4253 | D:4      | Found Xuyprok's Antique Armour Emporium.
  4276 | D:4      | Bought a pair of glowing gloves for 150 gold pieces
  4372 | D:5      | Entered Level 5 of the Dungeon
  4477 | D:5      | Noticed a yak
  4477 | D:5      | Noticed a yak
  4486 | D:5      | Noticed a yak
  4491 | D:5      | Killed a yak
  4492 | D:5      | Reached XP level 7. HP: 47/51 MP: 6/15
  4634 | D:5      | Killed a yak
  4635 | D:5      | Reached skill level 5 in Stealth
  4636 | D:5      | Killed a yak
  4845 | D:5      | Reached XP level 8. HP: 57/57 MP: 12/16
  5066 | D:5      | Noticed a gargoyle
  5071 | D:5      | Killed from afar by a gargoyle

Illustrated notes

Levels and vault maps discovered:
D:1:      sevenhm_arrival_forest_fort_large_4, layout_loops_ring,
          hellmonk_ecumenical_altar_slurped_away, minmay_misc_feat_ornament,
          kennysheep_decorative_pillar, minmay_curled_crystal,
          serial_bayou_pond_a
D:2:      layout_loops_corners, minmay_lizard_king
D:3:      layout_rooms, serial_shops, shop, uniq_ijyb, uniq_robin
D:4:      layout_cave_pools, serial_shops, nicolae_inconvenience_store,
          nicolae_shop_hallway_plus, shop_statue,
          nicolae_shop_bloodbath_and_beyond
D:5:      layout_loops_ring, minivault_27, minmay_circle_x

Skill      XL: |  1  2  3  4  5  6  7 |
---------------+----------------------+-----
Spellcasting   | 5 |  5.8
Invocations    | 1 2 3 |  3.2
Fighting       | 1 2 |  2.9
Short Blades   | 1 2 |  2.9
Long Blades    | 1 2 |  2.9
Axes           | 1 2 |  2.9
Maces & Flails | 1 2 |  2.9
Polearms       | 1 2 |  2.9
Staves         | 1 2 |  2.9
Slings         | 1 2 |  2.9
Bows           | 1 2 |  2.9
Crossbows      | 1 2 |  2.9
Throwing       | 1 2 |  2.9
Armour         | 1 2 |  2.9
Shields        | 1 2 |  2.9
Unarmed Combat | 1 2 |  2.9
Evocations     | 1 2 |  2.9
Conjurations   | 1 2 |  2.3
Hexes          | 1 2 |  2.3
Summonings     | 1 2 |  2.3
Necromancy     | 1 2 |  2.3
Translocations | 1 2 |  2.3
Transmutations | 1 2 |  2.3
Fire Magic     | 1 2 |  2.3
Air Magic      | 1 2 |  2.3
Earth Magic    | 1 2 |  2.3
Poison Magic   | 1 2 |  2.3
Dodging        | 5 |  5.4
Stealth        | 5 |  5.1
Ice Magic      | |  7.5

Action                   |  1- 3 |  4- 6 |  7- 9 || total
-------------------------+-------+-------+-------++-------
Melee: Dagger            |    41 |   120 |       ||   161
       Bite              |     6 |    15 |     5 ||    26
       Punch             |     1 |       |     2 ||     3
       Whip              |       |    45 |    19 ||    64
 Cast: Freeze            |    40 |    33 |    19 ||    92
       Ozocubu's Armour  |     1 |     5 |     3 ||     9
       Frozen Ramparts   |       |     8 |     3 ||    11
 Stab: Sleeping          |     4 |    11 |       ||    15
       Distracted        |       |     1 |       ||     1
Armor: Robe              |     8 |    25 |    13 ||    46
Dodge: Dodged            |    36 |   107 |    35 ||   178
